 Dungeon Sprint DCSS version 0.30-a0-972-gf3ab3527aa (webtiles) character file.

Game seed: 6115669199946644645

372 dialectric the Unseen (level 6, -4/32 HPs)
             Began as a Spriggan Brigand on Mar 31, 2023.
             Slain by a neqoxec (9 damage)
             ... in the Dungeon (Sprint II: "The Violet Keep of Menkaure").
             The game lasted 00:00:36 (74 turns).

dialectric the Unseen (Spriggan Brigand)              Turns: 74, Time: 00:00:37

Health: -4/32      AC:  2    Str:  7      XL:     6   Next: 43%
Magic:  7/7        EV: 18    Int:  6 (9)  God:
Gold:   243        SH:  0    Dex: 18      Spells: 5/5 levels left

rFire   . . .      SeeInvis +    a - +2 dagger
rCold   . . .      Faith    .    (no shield)
rNeg    . . .      Spirit   .    b - +0 robe
rPois   .          Reflect  .    (helmet restricted)
rElec   .          Rampage  .    c - +0 cloak
rCorr   .          NoTele   +    (gloves unavailable)
Will    +....                    (boots unavailable)
Stlth   +++++++                  (no amulet)
HPRegen 0.25/turn                (no ring)
MPRegen 0.10/turn                (no ring)

@: on berserk cooldown, very quick
A: very small, no large weapons, unfitting armour, see invisible, speed 3,
deformed body, dopey 2
a: no special abilities


You were in the Dungeon.
You visited 1 branch You collected 243 gold pieces.

Inventory:

Hand Weapons
 a - a +2 dagger (weapon)
Missiles
 d - 9 poisoned darts (quivered)
 e - 3 curare-tipped darts
Armour
 b - a +0 robe (worn)
 c - a +0 cloak (worn)
Scrolls
 k - a scroll of blinking
Potions
 h - a potion of haste
 i - 2 potions of magic


   Skills:
 + Level 3.4 Fighting
 + Level 5.3 Short Blades
 - Level 2.0 Throwing
 + Level 2.8 Dodging
 * Level 19.2 Stealth


You had 5 spell levels left.
You didn't know any spells.
Your spell library was empty.

Dungeon Overview and Level Annotations

Branches:
Dungeon (1/1)

Altars:


Innate Abilities, Weirdness & Mutations

You are very small and have problems with some larger weapons.
You are too small for most types of armour.
You have supernaturally acute eyesight. (SInv)
You cover ground extremely quickly. (Speed+++)
Armour fits poorly on your strangely shaped body.
You are very dopey. (Int -4)


Message History

Something feeds on your intellect!
You hit the neqoxec.
The neqoxec is moderately wounded.
The neqoxec barely misses you.
You hit the neqoxec.
The neqoxec is moderately wounded.
You hit the neqoxec but do no damage.
The neqoxec is moderately wounded.
The neqoxec hits you.
You hit the neqoxec but do no damage.
The neqoxec is moderately wounded.
The neqoxec misses you.
You hit the neqoxec but do no damage.
The neqoxec is moderately wounded.
The neqoxec hits you!
* * * LOW HITPOINT WARNING * * *
The neqoxec gestures at you.
You feel dopey. Something feeds on your intellect!
You hit the neqoxec.
The neqoxec is moderately wounded.
Unknown command.
You hit the neqoxec but do no damage.
The neqoxec is moderately wounded.
The neqoxec closely misses you.
Unknown command.
You hit the neqoxec.
The neqoxec is heavily wounded.
The neqoxec gestures at you.
Something tries to feed on your intellect!
The neqoxec closely misses you.
You barely miss the neqoxec.
The neqoxec is heavily wounded.
You barely miss the neqoxec.
The neqoxec is heavily wounded.
The neqoxec closely misses you.
You closely miss the neqoxec.
The neqoxec is heavily wounded.
The neqoxec hits you!
You die...

## ###
#.##..#
## #.33#
##.###3##
#...##@##
+##.†.<.+
#..†##.##
##.###+#
###


You could see 3 neqoxecs.

Vanquished Creatures
  A neqoxec (D)
  4 necrophages (D)
5 creatures vanquished.

Notes
Turn   | Place    | Note
-------+----------+-------------------------------------------
     0 | D        | dialectric the Spriggan Brigand began the quest for the
                  | Orb.
     0 | D        | Reached XP level 1. HP: 10/10 MP: 2/2
     1 | D        | Noticed a necrophage
     1 | D        | Noticed a necrophage
     1 | D        | Noticed a necrophage
     1 | D        | Noticed a necrophage
     6 | D        | Killed a necrophage
     7 | D        | Reached skill level 12 in Stealth
     7 | D        | Reached XP level 2. HP: 15/15 MP: 3/3
     7 | D        | Reached XP level 3. HP: 18/18 MP: 4/4
    12 | D        | Killed a necrophage
    13 | D        | Reached skill level 14 in Stealth
    13 | D        | Reached XP level 4. HP: 23/23 MP: 5/5
    19 | D        | Killed a necrophage
    20 | D        | Reached skill level 16 in Stealth
    20 | D        | Reached XP level 5. HP: 19/27 MP: 6/6
    38 | D        | Reached skill level 17 in Stealth
    47 | D        | Noticed a neqoxec
    47 | D        | Noticed a neqoxec
    47 | D        | Noticed a neqoxec
    47 | D        | Noticed a neqoxec
    49 | D        | Killed a neqoxec
    50 | D        | Reached skill level 5 in Short Blades
    50 | D        | Reached skill level 19 in Stealth
    50 | D        | Reached XP level 6. HP: 12/32 MP: 7/7
    56 | D        | Gained mutation: You are dopey. (Int -2) [a neqoxec]
    60 | D        | Gained mutation: Armour fits poorly on your strangely
                  | shaped body. [a neqoxec]
    62 | D        | Gained mutation: You are very dopey. (Int -4) [a neqoxec]
    74 | D        | Slain by a neqoxec

Illustrated notes

Levels and vault maps discovered:
D:        the_violet_keep_of_menkaure [sprint2_stairs_cluster_1,
          sprint2_shoproom, sprint2_temple, sprint2_basic_supplies,
          sprint2_obstacle_2, sprint2_obstacle_6, sprint2_obstacle_5,
          sprint2_obstacle_4, sprint2_obstacle_3, sprint2_timed_cluster_1,
          sprint2_smallroom_cluster_1, sprint2_smallroom_final_cluster_1,
          sprint2_transparent_cluster_1, sprint2_second_timed_cluster_1,
          sprint2_sniper_area_1, sprint2_heavy_combat_area_1,
          sprint2_mutation_trap_area_1, sprint2_forest_area_1,
          sprint2_light_combat_area_1, sprint2_behind_water_1,
          sprint2_near_end_vault_1]

Skill      XL: |  1  2  3  4  5 |
---------------+----------------+-----
Fighting       | 2 3 |  3.4
Short Blades   | 3 4 5 |  5.3
Stealth        | 12 14 16 19 | 19.2
Dodging        | 2 |  2.8
Throwing       | |  2.0

Action                     |  1- 3 |  4- 6 || total
---------------------------+-------+-------++-------
  Melee: Dagger            |    10 |    45 ||    55
    Use: Potion            |     1 |     2 ||     3
   Stab: Sleeping          |       |     1 ||     1
 Armour: Robe              |       |     5 ||     5
  Dodge: Dodged            |     2 |    26 ||    28

Table legend: (Time is in decaauts)
 A = Elapsed time spent in this place.
 B = Non-inter-level travel time spent in this place.
 C = Inter-level travel time spent in this place.
 D = Time resting spent in this place.
 E = Time spent auto-exploring this place.
 F = Levels seen in this place.
 G = Mean time per level.
                   A        B        C        D        E       F      G
               +--------+--------+--------+--------+--------+-----+--------+
         Total |     67 |     67 |      0 |      0 |      0 |   1 |   67.0 |
       Dungeon |     67 |     67 |      0 |      0 |      0 |   1 |   67.0 |
               +--------+--------+--------+--------+--------+-----+--------+

Top non-repeatable levels by time:
       D: 67 daAuts
